 Dungeon Crawl Stone Soup version 0.31-a0-981-geadf994542 (webtiles) character file.

Game seed: 17478629514512307883

2216 Dirtsage the Martial Artist (level 9, -5/61 HPs)
             Began as an Octopode Shapeshifter on Oct 31, 2023.
             Was an Initiate of Wu Jian.
             Slain by a sixfirhy (9 damage)
             ... summoned by an orc high priest
             ... in a bailey.
             The game lasted 00:14:07 (6859 turns).

Dirtsage the Martial Artist (Octopode Shapeshifter) Turns: 6859, Time: 00:14:07

Health: -5/61      AC:  5    Str: 13    XL:     9   Next: 35%
Magic:  9/9        EV: 13    Int: 12    God:    Wu Jian [......]
Gold:   274        SH:  0    Dex: 16    Spells: 8/8 levels left

rFire   . .          .
                       - Unarmed
rCold   . . .        (no shield)
rNeg    . . .        (helmet currently unavailable)
rPois   .            (no amulet)
rElec   .            d - +4 ring of protection
rCorr   .            S - ring of see invisible
SInv    +            (no ring)
Will    .....        (no ring)
Stlth   +++          (no ring)
HPRegen 0.30/turn    (no ring)
MPRegen 0.11/turn    (no ring)
                     (no ring)

%: no passive effects
@: beast-form
A: beast (slay +4), almost no armour, amphibious, 8 rings, camouflage 1,
gelatinous body 1, nimble swimmer 1, tentacles
a: Begin Untransformation, Renounce Religion


You were in a bailey.
You worshipped Wu Jian.
Wu Jian was noncommittal.
You were a hulking beast.
You visited 2 branches of the dungeon, and saw 8 of its levels.
You also visited: Bailey.

You collected 274 gold pieces.

Inventory:

Jewellery
 d - a +4 ring of protection (left tentacle)
 S - a ring of see invisible (right tentacle)
Talismans
 b - a beast talisman
 c - a flux talisman
 t - a flux talisman
Wands
 a - a wand of flame (1)
 y - a wand of charming (7)
Scrolls
 f - 3 scrolls of enchant armour
 k - a scroll of butterflies
 m - 2 scrolls of fog
 n - 2 scrolls of revelation {unknown}
 s - a scroll of teleportation {unknown}
 w - a scroll of vulnerability {unknown}
 x - a scroll of torment {unknown}
 z - a scroll of enchant weapon {unknown}
 B - a scroll of blinking
Potions
 g - a potion of attraction
 h - a potion of berserk rage {unknown}
 j - a potion of haste {unknown}
 l - a potion of heal wounds
 o - a potion of ambrosia {unknown}
 p - a potion of brilliance {unknown}
 q - 2 potions of curing
 r - a potion of mutation {unknown}
 u - a potion of enlightenment {unknown}
 v - a potion of cancellation


   Skills:
 + Level 5.1 Fighting
 - Level 2.0 Dodging
 * Level 8.0 Unarmed Combat
 + Level 3.3 Evocations
 * Level 7.4 Shapeshifting


You had 8 spell levels left.
You didn't know any spells.
Your spell library contained the following spells:

 Spells                   Type           Power      Damage    Failure   Level
 Sting                    Tmut/Pois      0%         1d3       32%         1
 Blink                    Tloc           0%         N/A       45%         2
 Lesser Beckoning         Tloc           0%         N/A       45%         2
 Momentum Strike          Conj/Tloc      0%         3d8       45%         2
 Poisonous Vapours        Pois/Air       0%         N/A       45%         2
 Mephitic Cloud           Conj/Pois/Air  0%         N/A       69%         3
 Olgreb's Toxic Radiance  Pois           0%         N/A       97%         4
 Freezing Cloud           Conj/Ice/Air   0%         6-21      100%        5


Dungeon Overview and Level Annotations

Branches:
Dungeon (7/15)             Temple (1/1) D:6          Bailey (1/1)

Altars:
Ashenzari
Elyvilon
Gozag
Hepliaklqana
Kikubaaqudgha
Makhleb
Nemelex Xobeh
Okawaru
Qazlal
Ru
Sif Muna
Trog
Uskayaw
Vehumet
Wu Jian
Yredelemnul
Zin
The Shining One

Annotations:
D:3 3 runed translucent doors, Zgarb's ghost, amateur TrSh
D:5 3 runed translucent doors, NigelTetley's ghost, novice FoFi


Innate Abilities, Weirdness & Mutations

You are a hulking beast.
Your limbs bulge with bestial killing power. (Slay +4)
You cannot wear most types of armour.
You are amphibious.
You can wear up to eight rings at the same time.
Your skin changes colour to match your surroundings (Stealth+).
Your rubbery body absorbs attacks. (AC +1, EV +1)
You are camouflaged when in or above water. (Stealth+)
You have tentacles for arms and can constrict up to eight enemies at once.


Message History

Things that are here:
a +0 hand axe; a +0 leather armour; 10 gold pieces A gnoll comes into view.
It is wielding a +0 hand axe.
The orc high priest invokes the aid of Beogh against you.
Beogh smites you!
You hear a shout!
The gnoll shouts!
You take 10 damage, and have 51/61 hp.
You tentacle-slap the orc high priest but do no damage.
You grab the orc high priest. You constrict the orc high priest.
You hear a shout! x2
The orc high priest prays to Beogh.
You bludgeon the orc high priest!
You squeeze the orc high priest, but do no damage.
The orc high priest is lightly wounded.
You constrict the orc high priest.
The orc high priest utters an invocation to Beogh.
An orc warrior comes into view. It is wielding a +0 broad axe.
You tentacle-slap the orc high priest. x2
The orc high priest is moderately wounded.
You constrict the orc high priest, but do no damage.
The neqoxec disappears in a puff of smoke!
The chaos spawn gores you! The chaos spawn freezes you!
The orc high priest barely misses you.
You take 25 damage, and have 26/61 hp.
MASSIVE DAMAGE!!
You tentacle-slap the orc high priest. x2
The orc high priest is moderately wounded.
You constrict the orc high priest. The chaos spawn hits you!
* * * LOW HITPOINT WARNING * * *
The orc high priest hits you with a +0 war axe!
* * * LOW HITPOINT WARNING * * *
An orc warrior comes into view. It is wielding a +0 broad axe.
You take 22 damage, and have 4/61 hp.
MASSIVE DAMAGE!!
You release your grip on the orc high priest.
You enter the shallow water.
The sixfirhy closely misses you.
The orc high priest calls upon Beogh to heal the orc high priest.
The orc high priest is healed somewhat.
Things that are here:
a +0 hand axe; a +0 leather armour; 10 gold pieces The sixfirhy attacks as it pursues you!
The sixfirhy hits you!
You die...

#≈≈≈≈≈~.######### ...#
#≈≈≈≈≈~.#..8.83.#.4..#
#≈≈≈≈≈~∩........'._..#
#≈≈≈≈≈~.#..8.84.#§...#
#≈≈≈≈≈~)######### ...#
#≈≈≈≈≈~.#..# ..#
#≈≈≈≈≈~.#?!# .#
#≈≈≈≈≈3)#??+ #
#≈≈≈≈h#4####
#≈≈≈≈≈#o...#
#≈≈≈≈≈#4..oo...
#≈≈≈≈≈#'#).###########
#≈≈≈≈≈#.#..'..........
#≈≈≈≈≈######~~~~~~~~~~
#≈≈≈≈≈≈≈≈≈≈≈≈≈≈≈≈≈≈≈≈≈
#≈≈≈≈≈≈≈≈≈≈≈≈≈≈≈≈≈≈≈≈≈
#≈≈≈≈≈≈≈≈≈≈≈≈≈≈≈≈≈≈≈≈≈


You could see a sixfirhy (summoned).

Vanquished Creatures
  A steam dragon (D:6)
  A water moccasin (D:5)
  3 ice beasts
  3 black bears (D:5)
  4 orc warriors (Bailey)
  3 ogres
  A centaur (D:6)
  A phantom (D:4)
  A scorpion (D:5)
  A bullfrog (D:7)
  An electric eel (Bailey)
  3 hounds
  3 jellies
  An orc priest (D:5)
  2 iguanas
  2 sleepcaps
  Jessica (D:3)
  Natasha (D:2)
  A gnoll (Bailey)
  4 adders
  A shadow imp (D:6)
  A white imp (D:6)
  A worm (D:2)
  A dart slug (D:1)
  8 orcs (D:5)
  8 ball pythons
  4 endoplasms
  5 giant cockroaches
  4 hobgoblins
  6 jackals
  6 kobolds
  3 bats (D:1)
  6 frilled lizards
  10 goblins
  5 rats
107 creatures vanquished.

Notes
Turn   | Place    | Note
-------+----------+-------------------------------------------
     0 | D:1      | Dirtsage the Octopode Shapeshifter began the quest for the
                  | Orb.
     0 | D:1      | Reached XP level 1. HP: 13/13 MP: 1/1
   158 | D:1      | Reached XP level 2. HP: 13/18 MP: 2/2
   659 | D:1      | Reached XP level 3. HP: 23/23 MP: 3/3
   844 | D:2      | Noticed Natasha
   852 | D:2      | Killed Natasha
   853 | D:2      | Reached XP level 4. HP: 25/29 MP: 4/4
  1145 | D:2      | Found a faded altar of an unknown god.
  1580 | D:3      | Identified the "Elion"
  1580 | D:3      | Identified the "Yplagam"
  1580 | D:3      | Identified the "Bosikof"
  1589 | D:3      | Found an iron altar of Okawaru.
  1648 | D:3      | Noticed Jessica
  1654 | D:3      | Killed Jessica
  1655 | D:3      | Reached skill level 4 in Unarmed Combat
  1729 | D:3      | Found a shimmering blue altar of Sif Muna.
  1849 | D:3      | Noticed an ogre
  1850 | D:3      | Noticed Zgarb's ghost (amateur TrSh)
  1851 | D:3      | Found a runed translucent gate.
  1861 | D:3      | Found a runed translucent gate.
  1865 | D:3      | Found a runed translucent gate.
  1984 | D:3      | Reached XP level 5. HP: 34/34 MP: 5/5
  2832 | D:4      | Noticed a phantom
  2846 | D:4      | Killed a phantom
  2928 | D:4      | Found a hide-covered altar of Uskayaw.
  3178 | D:4      | Reached XP level 6. HP: 26/41 MP: 6/6
  3247 | D:4      | Noticed a +0 hand axe
  3248 | D:4      | Noticed a +0 dagger
  3385 | D:4      | Reached skill level 5 in Unarmed Combat
  3614 | D:5      | Entered Level 5 of the Dungeon
  3657 | D:5      | Noticed a water moccasin
  3675 | D:5      | Killed a water moccasin
  3676 | D:5      | Reached skill level 5 in Shapeshifting
  3676 | D:5      | Reached XP level 7. HP: 46/46 MP: 7/7
  3886 | D:5      | Found a broken altar of Ashenzari.
  4086 | D:5      | Reached skill level 6 in Unarmed Combat
  4414 | D:5      | Found a runed translucent gate.
  4414 | D:5      | Found a runed translucent gate.
  4415 | D:5      | Found a runed translucent gate.
  4417 | D:5      | Noticed NigelTetley's ghost (novice FoFi)
  4605 | D:5      | Reached XP level 8. HP: 38/54 MP: 8/8
  4874 | D:6      | Reached skill level 1 in Evocations
  5398 | D:6      | Reached skill level 7 in Unarmed Combat
  5685 | D:6      | Found a staircase to the Ecumenical Temple.
  5691 | Temple   | Entered the Ecumenical Temple
  5699 | Temple   | Became a worshipper of the Wu Jian Council
  5967 | D:6      | Reached XP level 9. HP: 38/59 MP: 9/9
  6158 | D:6      | Found a sparkling altar of Nemelex Xobeh.
  6190 | D:6      | Found a hazy altar of Hepliaklqana.
  6190 | D:6      | Found a radiant altar of Vehumet.
  6190 | D:6      | Found a bloodstained altar of Trog.
  6191 | D:6      | Found a sacrificial altar of Ru.
  6193 | D:6      | Found a glowing silver altar of Zin.
  6248 | D:7      | Found a flagged portal.
  6258 | Bailey   | Entered a bailey
  6439 | Bailey   | Reached skill level 5 in Fighting
  6469 | Bailey   | Reached skill level 8 in Unarmed Combat
  6580 | Bailey   | Found an iron altar of Okawaru.
  6580 | Bailey   | Noticed an orc high priest
  6580 | Bailey   | Noticed an orc high priest
  6584 | Bailey   | Noticed a soul eater
  6584 | Bailey   | Noticed a red devil
  6585 | Bailey   | Noticed an orange demon
  6609 | Bailey   | Noticed a red devil
  6609 | Bailey   | Noticed an orange demon
  6613 | Bailey   | Noticed an ice devil
  6613 | Bailey   | Noticed a rust devil
  6738 | Bailey   | Noticed a red devil
  6856 | Bailey   | Noticed a sixfirhy
  6859 | Bailey   | Slain by a sixfirhy

Illustrated notes

Levels and vault maps discovered:
D:1:      tarquinn_simple_flora_water_a, layout_loops_ring,
          minmay_misc_feat_four_crosses, minmay_split_cup_small
D:2:      layout_loops_corners, shapermc_ecumenical_altar_hornbeckon,
          uniq_natasha
D:3:      layout_loops_corners, okawaru_trees_1, lemuel_round_altar,
          gammafunk_ghost_split, uniq_jessica
D:4:      layout_layer_cave, dancing_weapons_uskayaw
D:5:      layout_loops_ring, nicolae_ashenzari_skybound,
          gammafunk_ghost_necromancy
D:6:      layout_loops_corners, minitemple, minmay_temple_entry_enclosed_plants,
          dk_noncrumbling_4, minmay_misc_feat_chi, due_unseen_surprise
D:7:      lemuel_ice_spiral_2, layout_basic, cheibrodos_worm_habitat,
          mainiacjoe_overflow_swirl, enter_bailey_3
Temple:   nicolae_temple_colour_theory
Bailey:   bailey_axe_of_yendor_kennysheep, bailey

Skill      XL: |  1  2  3  4  5  6  7  8  9 |
---------------+----------------------------+-----
Fighting       | 2 3 4 5 |  5.1
Unarmed Combat | 4 5 6 7 8 |  8.0
Shapeshifting  | 4 5 6 7 |  7.4
Evocations     | 2 3 |  3.3
Dodging        | |  2.0

Action                     |  1- 3 |  4- 6 |  7- 9 || total
---------------------------+-------+-------+-------++-------
  Melee: Unarmed           |    58 |    85 |   138 ||   281
         Constrict         |    14 |    17 |    29 ||    60
         Tentacles         |     6 |    16 |    36 ||    58
         Punch             |     1 |     5 |    13 ||    19
Ability: Lunge             |       |       |     5 ||     5
  Evoke: Wand              |       |       |    17 ||    17
    Use: Scroll            |     3 |     5 |     4 ||    12
         Potion            |       |     1 |     1 ||     2
   Stab: Sleeping          |    11 |     7 |     6 ||    24
 Armour: Skin              |    22 |    43 |    79 ||   144
  Dodge: Dodged            |    28 |    32 |    73 ||   133

Table legend: (Time is in decaauts)
 A = Elapsed time spent in this place.
 B = Non-inter-level travel time spent in this place.
 C = Inter-level travel time spent in this place.
 D = Time resting spent in this place.
 E = Time spent auto-exploring this place.
 F = Levels seen in this place.
 G = Mean time per level.
                   A        B        C        D        E       F      G
               +--------+--------+--------+--------+--------+-----+--------+
         Total |   6829 |   6734 |     95 |    614 |   5314 |   9 |  758.8 |
       Dungeon |   6216 |   6128 |     88 |    340 |   5123 |   7 |  888.0 |
        Temple |     16 |      9 |      7 |      0 |      0 |   1 |   16.0 |
        Bailey |    597 |    597 |      0 |    274 |    191 |   1 |  597.0 |
               +--------+--------+--------+--------+--------+-----+--------+

Top non-repeatable levels by time:
     D:6: 1354 daAuts
     D:5: 1226 daAuts
     D:4: 1115 daAuts
     D:3: 913 daAuts
     D:2: 826 daAuts
     D:1: 748 daAuts
  Bailey: 597 daAuts
     D:7: 31 daAuts
  Temple: 16 daAuts
